 Dungeon Crawl Stone Soup version 0.28-a0-1190-g77e1c55843 (webtiles) character file.

Game seed: 4310955395123722348

38777 enile the Thrower (level 13, 0/202 HPs)
             Began as a Troll Monk on Dec 19, 2021.
             Was a High Priest of Trog.
             Slain by an 11-headed hydra (9 damage)
             ... on level 3 of the Lair of Beasts.
             The game lasted 00:46:06 (13226 turns).

enile the Thrower (Troll Monk)                     Turns: 13226, Time: 00:46:08

Health: 0/202      AC: 12    Str: 32    XL:     13   Next: 65%
Magic:  12/12      EV: 13    Int:  6    God:    Trog [*****.]
Gold:   315        SH: 11    Dex: 18    Spells: 12/12 levels left

rFire   . . .      SeeInvis .     - Unarmed
rCold   . . .      Faith    .   B - +0 kite shield
rNeg    . . .      Spirit   .   W - +2 troll leather armour
rPois   .          Reflect  .   (helmet restricted)
rElec   .          Harm     .   x - +2 cloak
rCorr   .          Rampage  .   (gloves unavailable)
Will    .....      Clarity  +   (boots unavailable)
Stlth   ..........              a - amulet of regeneration
HPRegen 2.83/turn               L - +6 ring of strength
MPRegen 0.13/turn               E - +6 ring of dexterity

@: berserking, studying Throwing, very quick
A: large, unfitting armour, claws 3, regeneration 1, shaggy fur 1, tough skin 1,
talons 1, camouflage 1, clarity
a: Renounce Religion, Berserk, Trog's Hand, Brothers in Arms


You were on level 3 of the Lair of Beasts.
You worshipped Trog.
Trog was extremely pleased with you.
You visited 2 branches of the dungeon, and saw 15 of its levels.
You visited 1 bazaar.
You also visited: Sewer and Bailey.

You collected 1058 gold pieces.
You spent 743 gold pieces at shops.

Inventory:

Hand Weapons
 A - a +1 double sword of draining
 D - a +3 dagger of venom
 G - a +1 short sword of draining
 O - a +4 morningstar
 S - a +0 trident of flaming
 Z - a +2 short sword of distortion
Missiles
 d - 3 atropa-tipped darts
 C - 5 poisoned darts (quivered)
 M - 15 boomerangs
Armour
 b - a scarf of shadows
 c - +0 steam dragon scales
 s - a +1 robe of fire resistance
 x - a +2 cloak (worn)
 B - a +0 kite shield (worn)
 K - a +1 robe of willpower
 W - a +2 troll leather armour (worn)
Jewellery
 a - an amulet of regeneration (around neck)
 k - a ring of poison resistance
 p - a ring of flight
 r - a ring of resist corrosion
 y - a ring of positive energy
 E - a +6 ring of dexterity (right claw)
 F - an amulet of faith
 J - an amulet of reflection
 L - a +6 ring of strength (left claw)
 N - a ring of protection from fire
Wands
 q - a wand of digging (11)
 t - a wand of paralysis (5)
 z - a wand of polymorph (6)
 V - a wand of charming (2)
 X - a wand of acid (4)
Scrolls
 e - 3 scrolls of enchant armour
 f - 2 scrolls of vulnerability
 g - 8 scrolls of teleportation
 i - 2 scrolls of immolation
 j - 4 scrolls of amnesia
 l - 2 scrolls of noise
 v - 2 scrolls of silence
 I - a scroll of blinking
 T - a scroll of fog
 U - 2 scrolls of summoning
 Y - a scroll of fear
Potions
 h - a potion of flight
 m - 4 potions of curing
 n - 3 potions of might
 o - 2 potions of degeneration
 u - a potion of resistance
 w - 3 potions of heal wounds
 H - 2 potions of berserk rage {unknown}
 P - 3 potions of magic
 Q - 3 potions of haste
 R - 2 potions of invisibility


   Skills:
 + Level 10.3 Fighting
 - Level 12.2 Throwing
 - Level 5.0 Armour
 - Level 7.0 Dodging
 - Level 1.0 Stealth
 - Level 8.0 Shields
 - Level 10.0 Unarmed Combat
 - Level 4.0 Evocations


You had 12 spell levels left.
You didn't know any spells.
Your spell library was empty.

Dungeon Overview and Level Annotations

Branches:
Dungeon (12/15)            Temple (0/1) D:4            Lair (3/6) D:11
 Shoals (0/4) Lair:2        Snake (0/4) Lair:2          Orc (0/2) D:12
  Sewer (visited)          Bailey (visited)

Altars:
Trog
Zin
Beogh


Innate Abilities, Weirdness & Mutations

You are too large for most types of armour.
You have claws for hands.
Your natural rate of healing is unusually fast.
You are covered in fur. (AC +1)
You have tough skin. (AC +1)
You have sharp toenails.
Your skin changes colour to match your surroundings (Stealth+).
You possess an exceptional clarity of mind.


Message History

You block the eight-headed hydra's attack.
The eight-headed hydra bites you.
* * * LOW HITPOINT WARNING * * *
The eight-headed hydra bites you!
* * * LOW HITPOINT WARNING * * *
You rip one of the eight-headed hydra's heads off!
The seven-headed hydra grows two more!
You claw the nine-headed hydra! x2
The nine-headed hydra is severely wounded.
The nine-headed hydra misses you.
The nine-headed hydra bites you but does no damage.
You block the nine-headed hydra's attack.
The nine-headed hydra closely misses you.
The nine-headed hydra misses you. The nine-headed hydra bites you!
* * * LOW HITPOINT WARNING * * *
The nine-headed hydra bites you!
* * * LOW HITPOINT WARNING * * *
The nine-headed hydra bites you.
* * * LOW HITPOINT WARNING * * *
You block the nine-headed hydra's attack.
You claw one of the nine-headed hydra's heads off!
The eight-headed hydra grows two more!
You claw the ten-headed hydra! You claw the ten-headed hydra.
The ten-headed hydra is almost dead.
Unknown command.
Press: ? - help, v - describe, . - travel
Here: a ten-headed hydra (almost dead)
The floor, spattered with blood.
You tear one of the ten-headed hydra's heads off!
The nine-headed hydra grows two more!
You claw the 11-headed hydra! Your kick misses the 11-headed hydra.
The 11-headed hydra is almost dead.
The 11-headed hydra bites you but does no damage.
The 11-headed hydra misses you. You block the 11-headed hydra's attack.
The 11-headed hydra closely misses you.
You block the 11-headed hydra's attack. x2
The 11-headed hydra bites you.
* * * LOW HITPOINT WARNING * * *
The 11-headed hydra bites you!
* * * LOW HITPOINT WARNING * * *
You block the 11-headed hydra's attack. The 11-headed hydra bites you!
You die...

#..#......##..## ##.#####....##..
..##......##... ##P...####...##..
#.'.......#. ## .......##.......
#.##......##. .....##....#...
#.#........#.. ##.#.# #...##...
#.#.......##..####P..#####..#####
P.....######.....##..#.###..#.###
#.P###. ##......................
.... .> ......D@................
###. ## #######.P.P#.#.##.######
## #.###########.# ## ##


You could see a 11-headed hydra.

Vanquished Creatures
  An orc warlord (Bailey)
  A hydra (Lair:2)
  A boulder beetle (D:12)
  Erolcha (D:11)
  3 two-headed ogres
  Sonja (D:11)
  A skeletal warrior (D:11)
  2 orc knights (Bailey)
  Pikel (D:8)
  2 manticores (D:11)
  3 cyclopes
  3 centaur zombies
  2 merfolk sirens (Lair:2)
  3 cane toads
  2 unseen horrors
  4 komodo dragons
  A rime drake (Lair:3)
  2 trolls
  2 merfolk (Lair:2)
  Grinder (D:6)
  Prince Ribbit (D:8)
  5 slime creatures (D:9)
  5 blink frogs (Lair:3)
  2 dream sheep (Lair:3)
  A shadow (D:10)
  2 wyverns
  A basilisk (D:11)
  19 yaks
  Grum (D:11)
  2 steam dragons
  Menkaure (D:7)
  3 nagas (Lair:2)
  12 water moccasins
  An ice beast (D:6)
  3 necrophages
  16 orc warriors
  4 black bears
  3 ogres
  8 wolves
  3 centaurs
  A lemure (D:8)
  A phantom (D:7)
  A kobold brigand (D:7)
  11 bullfrogs
  2 scorpions
  2 gnoll sergeants
  A wyvern zombie (D:7)
  A wyvern skeleton (D:7)
  8 killer bees
  5 wights
  A howler monkey (D:7)
  An electric eel (D:12)
  A bullfrog zombie (D:5)
  2 jellies
  A bullfrog skeleton (D:6)
  2 hounds
  9 orc priests
  3 centaur skeletons
  3 iguanas
  Natasha (twice) (D:2)
  16 orc wizards
  A killer bee zombie (D:6)
  7 adders
  32 gnolls
  2 howler monkey skeletons (D:5)
  A river rat (D:6)
  A shadow imp (D:7)
  A white imp (D:5)
  2 ufetubi
  An adder skeleton (D:5)
  A worm (D:2)
  A dart slug (D:1)
  46 orcs
  6 ball pythons
  6 bats
  11 endoplasms
  3 giant cockroaches
  28 goblins
  23 hobgoblins
  11 jackals
  7 quokkas
  2 frilled lizards
  10 kobolds
  9 rats
416 creatures vanquished.

Vanquished Creatures (collateral kills)
  A two-headed ogre (D:7)
  A yak (Lair:2)
  A centaur (D:7)
  A killer bee (D:8)
  2 wights (D:7)
  An orc priest (D:8)
  An orc wizard (D:8)
  A gnoll (D:8)
  2 orcs (D:7)
  A hobgoblin (Bailey)
12 creatures vanquished.

Vanquished Creatures (others)
  A naga (Lair:2)
  2 killer bees (D:8)
  A gnoll shaman (D:8)
  31 fungi
  27 plants
62 creatures vanquished.

Grand Total: 490 creatures vanquished

Notes
Turn   | Place    | Note
-------+----------+-------------------------------------------
     0 | D:1      | enile the Troll Monk began the quest for the Orb.
     0 | D:1      | Reached XP level 1. HP: 22/22 MP: 0/0
   183 | D:1      | Reached XP level 2. HP: 27/29 MP: 1/1
   259 | D:1      | Reached skill level 1 in Throwing
   399 | D:1      | Reached XP level 3. HP: 37/37 MP: 2/2
   403 | D:1      | Found a faded altar of an unknown god.
   414 | D:1      | Prayed at the altar of an unknown god.
   414 | D:1      | Became a worshipper of Trog the Wrathful
   414 | D:1      | Reached * piety under Trog
   414 | D:1      | Reached ** piety under Trog
   538 | D:1      | Reached skill level 2 in Throwing
   689 | D:2      | Reached *** piety under Trog
   787 | D:2      | Reached XP level 4. HP: 28/45 MP: 3/3
   978 | D:2      | Noticed Natasha
   998 | D:2      | Killed Natasha
   999 | D:2      | Reached XP level 5. HP: 45/53 MP: 4/4
  1300 | D:2      | Noticed Natasha
  1314 | D:2      | Killed Natasha
  1634 | D:3      | Reached **** piety under Trog
  1658 | D:3      | Reached XP level 6. HP: 62/62 MP: 5/5
  1957 | D:3      | Reached skill level 5 in Unarmed Combat
  2434 | D:4      | Noticed a yak
  2434 | D:4      | Noticed a yak
  2434 | D:4      | Noticed a yak
  2441 | D:4      | Killed a yak
  2442 | D:4      | Reached skill level 5 in Fighting
  2442 | D:4      | Reached skill level 3 in Throwing
  2442 | D:4      | Reached XP level 7. HP: 45/72 MP: 6/6
  2460 | D:4      | Killed a yak
  2461 | D:4      | Reached skill level 1 in Armour
  2462 | D:4      | Killed a yak
  2505 | D:4      | Found a staircase to the Ecumenical Temple.
  3037 | D:5      | Entered Level 5 of the Dungeon
  3086 | D:5      | Reached XP level 8. HP: 84/84 MP: 7/7
  3959 | D:6      | Found a glowing drain.
  3965 | Sewer    | Entered a sewer
  4216 | D:6      | Noticed Grinder
  4218 | D:6      | Paralysed by Grinder for 4 turns
  4233 | D:6      | Reached skill level 1 in Shields
  4235 | D:6      | Reached XP level 9. HP: 93/93 MP: 8/8
  4239 | D:6      | Killed Grinder
  4503 | D:6      | Reached ***** piety under Trog
  4609 | D:7      | Reached skill level 5 in Shields
  4620 | D:7      | Received a gift from Trog
  4635 | D:7      | Noticed a two-headed ogre
  4643 | D:7      | HP: 1/93 [wyvern zombie (11)]
  4676 | D:7      | Killed a two-headed ogre
  4677 | D:7      | Reached skill level 1 in Evocations
  4684 | D:7      | Gained mutation: You have sharp toenails. [potion of
                  | mutation]
  4684 | D:7      | Gained mutation: You possess an exceptional clarity of
                  | mind. [potion of mutation]
  4684 | D:7      | Gained mutation: You are partially covered in iridescent
                  | scales. (AC +2) [potion of mutation]
  4685 | D:7      | Lost mutation: You are partially covered in iridescent
                  | scales. (AC +2) [potion of mutation]
  4685 | D:7      | Lost mutation: You possess an exceptional clarity of mind.
                  | [potion of mutation]
  4685 | D:7      | Gained mutation: Your skin changes colour to match your
                  | surroundings (Stealth+). [potion of mutation]
  4685 | D:7      | Gained mutation: You possess an exceptional clarity of
                  | mind. [potion of mutation]
  4693 | D:7      | Reached XP level 10. HP: 25/102 MP: 9/9
  4980 | D:7      | Noticed Menkaure
  4988 | D:7      | Killed Menkaure
  5254 | D:8      | Noticed Prince Ribbit
  5268 | D:8      | Killed Prince Ribbit
  5333 | D:8      | Noticed a cyclops
  5343 | D:8      | Killed a cyclops
  5677 | D:8      | Noticed Pikel
  5688 | D:8      | Killed Pikel
  6572 | D:9      | Found Zin's Purification Station.
  6576 | D:9      | Found a glowing silver altar of Zin.
  6580 | D:9      | Bought 2 potions of curing for 180 gold pieces
  6657 | D:9      | Reached skill level 4 in Throwing
  6669 | D:9      | Reached XP level 11. HP: 75/115 MP: 10/10
  6762 | D:9      | Reached skill level 5 in Throwing
  7321 | D:10     | Entered Level 10 of the Dungeon
  7367 | D:10     | Found a flagged portal.
  7369 | D:10     | Noticed a two-headed ogre
  7384 | D:10     | Killed a two-headed ogre
  7450 | Bailey   | Entered a bailey
  7689 | Bailey   | Received a gift from Trog
  7853 | Bailey   | Noticed an orc warlord
  7853 | Bailey   | Noticed an orc knight
  7854 | Bailey   | Noticed an orc knight
  8012 | Bailey   | Killed an orc warlord
  8013 | Bailey   | Reached skill level 6 in Throwing
  8088 | Bailey   | Killed an orc knight
  8119 | Bailey   | Identified the +0 leather armour of Zudy Lecs {Will+ Str+4}
  8273 | Bailey   | Killed an orc knight
  8393 | Bailey   | Acquired a manual of Throwing
  8395 | Bailey   | Reached skill level 12 in Throwing
  8395 | Bailey   | Reached XP level 12. HP: 123/123 MP: 11/11
  8866 | D:10     | Noticed a two-headed ogre
  8874 | D:10     | Killed a two-headed ogre
  8934 | D:11     | Found a staircase to the Lair.
  8940 | D:11     | Noticed a two-headed ogre
  9085 | D:11     | Reached skill level 10 in Unarmed Combat
  9114 | D:11     | Killed a two-headed ogre
  9249 | D:11     | Noticed Sonja
  9270 | D:11     | Killed Sonja
  9403 | D:11     | Reached skill level 5 in Dodging
  9417 | D:11     | Noticed Grum
  9431 | D:11     | Killed Grum
  9489 | D:11     | Reached XP level 13. HP: 124/131 MP: 12/12
 10009 | D:11     | Noticed Erolcha
 10018 | D:11     | Killed Erolcha
 10288 | D:12     | Found a staircase to the Orcish Mines.
 10435 | D:12     | Found a flickering gateway to a bazaar.
 10462 | Bazaar   | Entered a bazaar
 10466 | Bazaar   | Found Mies's Jewellery Boutique.
 10488 | Bazaar   | Found Wubem's Antique Armour Emporium.
 10509 | Bazaar   | Found Hihel's Book Boutique.
 10529 | Bazaar   | Found Fydd's Antique Armour Shoppe.
 10556 | Bazaar   | Bought a glowing cloak for 135 gold pieces
 10601 | Bazaar   | Bought a glowing robe for 66 gold pieces
 10622 | Bazaar   | Bought an amulet of regeneration for 270 gold pieces
 10651 | Bazaar   | Bought a glowing robe for 92 gold pieces
 10919 | Lair:1   | Entered Level 1 of the Lair of Beasts
 10934 | Lair:1   | Reached skill level 10 in Fighting
 11822 | Lair:2   | Found a staircase to the Snake Pit.
 12134 | Lair:2   | Found a staircase to the Shoals.
 12681 | Lair:3   | Reached skill level 5 in Armour
 13226 | Lair:3   | HP: 9/202 [11-headed hydra (7)]
 13226 | Lair:3   | Slain by an 11-headed hydra

Illustrated notes

Levels and vault maps discovered:
D:1:      minmay_arrival_cross, layout_loops_ring,
          shapermc_ecumenical_altar_starsandcircs
D:2:      layout_basic, kennysheep_generic_room_5, uniq_natasha
D:3:      layout_basic, hex_intersection, hangedman_decor_peaks_small
D:4:      layout_basic, minmay_temple_entry_glass, kennysheep_cross_room
D:5:      kb_forest_paths, layout_basic
D:6:      layout_rooms, gup_sewer_entry_bowl, uniq_grinder
D:7:      layout_rooms, minmay_alternating_orb, uniq_menkaure
D:8:      minmay_diamond_stairs, layout_rooms, small_statue_intersection,
          uniq_prince_ribbit1, uniq_pikel
D:9:      layout_layer_cave, zin_purify
D:10:     layout_rooms, enter_bailey_5
D:11:     layout_basic, due_lair_maze_entry_diamond, uniq_grum, uniq_sonja,
          uniq_erolcha
D:12:     layout_big_octagon, david_orc_5, serial_shops, bzr_entry_gold,
          uniq_rupert
Lair:1:   layout_cave_pods, grunt_megastairs_5
Lair:2:   layout_gridlike, elwin_shoals_entry_stream,
          minmay_snake_entry_guardpost_small
Lair:3:   layout_regular_city, grunt_megastairs_4

Skill      XL: |  1  2  3  4  5  6  7  8  9 10 11 12 13 |
---------------+----------------------------------------+-----
Fighting       | 3 4 5 6 7 9 10 | 10.3
Throwing       | 1 2 3 4 12 | 12.2
Unarmed Combat | 4 5 8 9 10 | 10.0
Dodging        | 3 4 5 7 |  7.0
Armour         | 1 3 4 5 |  5.0
Shields        | 1 6 8 |  8.0
Evocations     | 1 2 3 4 |  4.0
Stealth        | |  1.0

Action                   |  1- 3 |  4- 6 |  7- 9 | 10-12 | 13-15 || total
-------------------------+-------+-------+-------+-------+-------++-------
Melee: Unarmed           |   105 |   150 |   241 |   500 |   234 ||  1230
       Punch             |       |     2 |     2 |       |       ||     4
       Kick              |       |       |     2 |   183 |   122 ||   307
Throw: Dart              |       |       |     5 |    95 |    25 ||   125
       Throwing net      |       |       |     1 |     2 |       ||     3
Invok: Berserk           |       |       |     1 |     1 |     2 ||     4
       Trog's Hand       |       |       |     1 |     2 |       ||     3
       Brothers in Arms  |       |       |     1 |     2 |       ||     3
Evoke: Wand              |       |       |       |    10 |     6 ||    16
  Use: Scroll            |       |     1 |     9 |    12 |    12 ||    34
       Potion            |       |       |     5 |     1 |       ||     6
 Stab: Sleeping          |     4 |     1 |     3 |     7 |     2 ||    17
       Invisible         |       |       |       |     2 |       ||     2
       Held in net/web   |       |       |       |     1 |       ||     1
Armor: Robe              |    35 |    51 |    74 |     6 |       ||   166
       Steam dragon scal |       |       |       |    78 |       ||    78
       Troll leather arm |       |       |       |    12 |    58 ||    70
Dodge: Dodged            |    56 |    71 |   115 |   162 |   122 ||   526
Block: Kite shield       |       |       |    31 |   250 |   184 ||   465
       Reflection        |       |       |       |     1 |     1 ||     2

Table legend: (Time is in decaauts)
 A = Elapsed time spent in this place.
 B = Non-inter-level travel time spent in this place.
 C = Inter-level travel time spent in this place.
 D = Time resting spent in this place.
 E = Time spent auto-exploring this place.
 F = Levels seen in this place.
 G = Mean time per level.
                   A        B        C        D        E       F      G
               +--------+--------+--------+--------+--------+-----+--------+
         Total |  13146 |  12610 |    536 |    270 |   8910 |  18 |  730.3 |
       Dungeon |   9551 |   9098 |    453 |    201 |   6509 |  12 |  795.9 |
          Lair |   2278 |   2195 |     83 |      0 |   1797 |   3 |  759.3 |
        Bazaar |    217 |    217 |      0 |      0 |     81 |   1 |  217.0 |
         Sewer |    161 |    161 |      0 |      0 |     69 |   1 |  161.0 |
        Bailey |    936 |    936 |      0 |     69 |    453 |   1 |  936.0 |
               +--------+--------+--------+--------+--------+-----+--------+

Top non-repeatable levels by time:
     D:9: 1402 daAuts
    D:11: 1384 daAuts
  Bailey: 936 daAuts
  Lair:1: 832 daAuts
     D:3: 821 daAuts
     D:5: 812 daAuts
     D:4: 791 daAuts
  Lair:2: 774 daAuts
     D:2: 735 daAuts
     D:8: 679 daAuts
     D:1: 677 daAuts
  Lair:3: 671 daAuts
     D:7: 669 daAuts
    D:10: 628 daAuts
     D:6: 568 daAuts
